 Dungeon Crawl Stone Soup version 0.30.0-15-g856e2d3f33 (webtiles) character file.

Game seed: 16315622204366109239

65 Sobieck the Digger (level 4, -2/33 HPs)
             Began as a Ghoul Earth Elementalist on May 18, 2023.
             Slain by a gnoll
             ... wielding a +0 spear
              (3 damage)
             ... on level 3 of the Dungeon.
             The game lasted 00:02:44 (1911 turns).

Sobieck the Digger (Ghoul Earth Elementalist)       Turns: 1911, Time: 00:02:45

Health: -2/33      AC:  5    Str: 11    XL:     4   Next: 13%
Magic:  0/5        EV: 12    Int: 12    God:
Gold:   149        SH:  0    Dex:  9    Spells: 5/6 levels left

rFire   . . .        r - +1 war axe (flame) {axe}
rCold   + . .        (no shield)
rNeg    + + +        a - +0 robe
rPois   ∞            (no helmet)
rElec   .            (no cloak)
rCorr   .            q - +2 pair of gloves
SInv    .            (no boots)
Will    .....        (no amulet)
Stlth   ++           (no ring)
HPRegen 0.00/turn    (no ring)
MPRegen 0.09/turn

%: no passive effects
@: inhibited regen
A: claws 1, cold resistance 1, negative energy resistance 3, inhibited
regeneration, torment resistance 2, devour on kill
a: no special abilities


You were on level 3 of the Dungeon.
You visited 1 branch of the dungeon, and saw 3 of its levels.

You collected 149 gold pieces.


Innate Abilities, Weirdness & Mutations

You are immune to poison.
You have sharp fingernails.
Your flesh is cold resistant. (rC+)
You are immune to negative energy. (rN+++)
You do not regenerate when monsters are visible.
You are immune to unholy pain and torment.
You thrive by killing the living.


   Skills:
 - Level 1.7 Dodging
 - Level 2.1 Stealth
 - Level 1.7 Spellcasting
 - Level 0.8 Transmutations
 + Level 5.3 Earth Magic


You had 5 spell levels left.
You knew the following spells:

 Your Spells              Type           Power      Damage    Failure   Level
a - Sandblast             Erth           26%        2d8       3%          1

Your spell library contained the following spells:

 Spells                   Type           Power      Damage    Failure   Level
 Passwall                 Tmut/Erth      6%         N/A       12%         2
 Stone Arrow              Conj/Erth      14%        3d7       28%         3
 Ignite Poison            Fire/Tmut/Pois 1%         N/A       58%         3
 Petrify                  Tmut/Erth      8%         N/A       61%         4
 Sticky Flame             Conj/Fire      1%         2d3       95%         4
 Ignition                 Fire           0%         3d3       100%        8

Inventory:

Hand Weapons
 c - a +0 dagger {short}
   (You found it on level 1 of the Dungeon)
 d - a +0 club {mace}
   (You took it off a goblin on level 1 of the Dungeon)
 e - a +0 great sword {long}
   (You found it on level 1 of the Dungeon)
 f - a +0 club {mace}
   (You found it on level 1 of the Dungeon)
 i - a +0 whip {mace}
   (You took it off a kobold on level 1 of the Dungeon)
 l - a +0 dagger {short}
   (You took it off a kobold on level 1 of the Dungeon)
 m - a +0 club {mace}
   (You found it on level 1 of the Dungeon)
 p - a +0 club {mace}
   (You took it off a goblin on level 1 of the Dungeon)
 r - a +1 war axe of flaming (weapon) {axe}
   (You found it on level 2 of the Dungeon)
Missiles
 h - 4 poisoned darts {throwing}
 j - 44 stones {throwing}
 t - 4 javelins {throwing}
Armour
 a - a +0 robe (worn)
 g - a +0 ring mail
   (You found it on level 1 of the Dungeon)
 q - a +2 pair of gloves (worn)
   (You found it on level 1 of the Dungeon)
 v - a +0 scale mail
   (You took it off an orc on level 2 of the Dungeon)
 x - a +0 plate armour
   (You found it on level 2 of the Dungeon)
 y - a +0 leather armour
   (You found it on level 2 of the Dungeon)
Scrolls
 k - 2 scrolls of vulnerability {unknown}
 o - 2 scrolls of identify {unknown}
 u - a scroll of poison {unknown}
 z - a scroll of immolation {unknown}
 A - 2 scrolls of magic mapping {unknown}
 C - a scroll of butterflies {unknown}
Potions
 b - a potion of magic
 n - a potion of lignification {unknown}
 s - 2 potions of curing {unknown}
 w - a potion of flight {unknown}
 B - a potion of heal wounds {unknown}

Dungeon Overview and Level Annotations

Branches:
Dungeon (3/15) Zot: 16052

Altars:

Shops:
D:3

: #..##..######
####..##.......#
#..∩......####.#
#.#...##..# .#
#.##..##..####.# #
#.##.........#$# ##..
#.##.###..##.#.#.....
#....###.........##..
.........<...@g....#
...######)##.#g#.#.#
...# #.##.#.#
#.##.... #.##..#..
#.###....# ..# #....
### #..##


You could see 2 gnolls.


Message History

As you open the door, it creaks loudly!
Unknown command.
There is an open door here.
j - 44 stones {throwing} (gained 5)
You open the door.
Found a faded altar of an unknown god.
Unknown command.
There is an open door here.
There is an open door here.
You see here a ball python skeleton.
You see here a ball python skeleton.
There is an open door here.
There is an open door here.
There is an open door here.
Done exploring.
Done exploring.
(D) Dungeon
Where to? (Enter - D:2, ? - help)
There is an open door here.
There is an open door here.
There is a stone staircase leading down here.
You climb downwards.
There is a stone staircase leading up here.
There are monsters nearby!
Danger!
Unknown command.
There are monsters nearby!
The blast of sand hits the bat!
You kill the bat!
You can't see any susceptible monsters within range! (Use Z to cast anyway.)
The blast of sand hits the endoplasm!
You kill the endoplasm!
You can't see any susceptible monsters within range! (Use Z to cast anyway.)
A hobgoblin comes into view.
Found Jausanonn's Book Emporium.
Found a stone staircase leading down.
The hobgoblin shouts!
Danger!
The blast of sand hits the hobgoblin.
A hobgoblin is nearby!
The blast of sand hits the hobgoblin!
You kill the hobgoblin!
A quokka comes into view.
Danger!
The blast of sand hits the quokka!
You kill the quokka!
There is an entrance to Jausanonn's Book Emporium here.
You can access your shopping list by pressing '$'.
Unknown command.
Unknown command.
Unknown command.
There is an entrance to Jausanonn's Book Emporium here.
Found a stone staircase leading up.
Unknown command.
A goblin comes into view. It is wielding a +0 dagger.
Danger!
The goblin shouts!
The blast of sand hits the goblin!
You kill the goblin!
There is a stone staircase leading up here.
A gnoll comes into view. It is wielding a +0 spear.
The gnoll shouts!
A gnoll comes into view. It is wielding a +0 spear.
Danger!
A gnoll comes into view. It is wielding a +0 spear.
The blast of sand misses the gnoll.
The gnoll shouts! x2
The blast of sand hits the gnoll.
The gnoll hits you from afar with a +0 spear.
The blast of sand hits the gnoll!
The gnoll hits you from afar with a +0 spear. x2
* * * LOW HITPOINT WARNING * * *
You are too injured to fight recklessly!
You are too injured to fight recklessly!
You are too injured to fight recklessly!
Unknown command.
Casting: Sandblast (safe; 3% risk of failure)
Confirm with . or Enter, or press ? or * to list all spells.
Aiming: Sandblast (safe; 3% risk of failure)
Press: ? - help, Shift-Dir - straight line, f/p - gnoll
Aim: a gnoll, wielding a +0 spear (almost dead, 84% to hit)
The blast of sand hits the gnoll.
You kill the gnoll!
You feel better.
The gnoll hits you from afar with a +0 spear.
* * * LOW HITPOINT WARNING * * *
The gnoll barely misses you. The gnoll hits you but does no damage.
You have reached level 4!
The gnoll hits you with a +0 spear.
* * * LOW HITPOINT WARNING * * *
The gnoll hits you with a +0 spear.
* * * LOW HITPOINT WARNING * * *
You barely miss the gnoll. You hit the gnoll but do no damage.
The gnoll hits you with a +0 spear.
* * * LOW HITPOINT WARNING * * *
The gnoll misses you.
You closely miss the gnoll. You barely miss the gnoll.
The gnoll hits you but does no damage. The gnoll barely misses you.
The gnoll hits you with a +0 spear!
* * * LOW HITPOINT WARNING * * *
The gnoll hits you with a +0 spear.
You die...

Skill      XL: |  1  2  3 |
---------------+----------+-----
Earth Magic    | 4 5 |  5.3
Dodging        | |  1.7
Stealth        | |  2.1
Spellcasting   | |  1.7
Transmutations | |  0.8

Action                     |  1- 3 |  4- 6 || total
---------------------------+-------+-------++-------
  Melee: War axe           |    13 |     2 ||    15
   Cast: Sandblast         |    53 |       ||    53
 Armour: Robe              |    25 |     1 ||    26
  Dodge: Dodged            |    47 |     2 ||    49

Levels and vault maps discovered:
D:1:      lightli_arrival_statue_moat, layout_basic
D:2:      layout_basic, dilly_ecumenical_altar_fadedgnrine,
          guppyfry_early_orc_mine
D:3:      layout_loops_ring, serial_shops, shop, nicolae_shop_getting_attention

Notes
Turn   | Place    | Note
-------+----------+-------------------------------------------
     0 | D:1      | Sobieck the Ghoul Earth Elementalist began the quest for
                  | the Orb.
     0 | D:1      | Reached XP level 1. HP: 14/14 MP: 2/2
   263 | D:1      | Reached XP level 2. HP: 19/20 MP: 0/3
   381 | D:1      | Reached skill level 4 in Earth Magic
   997 | D:2      | You add the spells Ignite Poison, Sticky Flame and Ignition
                  | to your library.
  1045 | D:1      | Reached XP level 3. HP: 12/26 MP: 1/4
  1512 | D:2      | Reached skill level 5 in Earth Magic
  1686 | D:2      | Found a faded altar of an unknown god.
  1832 | D:3      | Found Jausanonn's Book Emporium.
  1909 | D:3      | Reached XP level 4. HP: 17/33 MP: 0/5
  1910 | D:3      | HP: 8/33 [gnoll/+0 spear (6)]
  1911 | D:3      | HP: 1/33 [gnoll/+0 spear (7)]
  1911 | D:3      | Slain by a gnoll

Vanquished Creatures
  A gnoll (D:3)
  An adder (D:1)
  3 orcs (D:2)
  5 bats
  3 endoplasms
  A giant cockroach (D:1)
  6 goblins
  3 hobgoblins
  2 quokkas
  4 ball pythons
  5 kobolds
  2 rats
36 creatures vanquished.

Table legend:
 A = Non-vault XP
 B = Vault XP
 C = Vault XP percentage of total XP
 D = Non-vault monster count
 E = Vault monster count
 F = Vault count percentage of total count
                 A         B        C        D         E       F
            +---------+---------+-------+---------+---------+-------
      Total |      76 |      17 |  18.3 |      29 |       7 |  19.4
            +---------+---------+-------+---------+---------+-------
        D:1 |      37 |       0 |   0.0 |      15 |       0 |   0.0
        D:2 |      15 |      17 |  53.1 |       8 |       7 |  46.7
        D:3 |      24 |       0 |   0.0 |       6 |       0 |   0.0
            +---------+---------+-------+---------+---------+-------

Skill      XL: |  1  2  3 |
---------------+----------+-----
Earth Magic    | 4 5 |  5.3
Dodging        | |  1.7
Stealth        | |  2.1
Spellcasting   | |  1.7
Transmutations | |  0.8

Action                     |  1- 3 |  4- 6 || total
---------------------------+-------+-------++-------
  Melee: War axe           |    13 |     2 ||    15
   Cast: Sandblast         |    53 |       ||    53
 Armour: Robe              |    25 |     1 ||    26
  Dodge: Dodged            |    47 |     2 ||    49

Illustrated notes

Table legend:
 A = Kills in this place as a percentage of kills in the entire game.
 B = Kills by you in this place as a percentage of kills by you in the entire game.
 C = Kills by friends in this place as a percentage of kills by friends in the entire game.
 D = Other kills in this place as a percentage of other kills in the entire game.
 E = Experience gained in this place as a percentage of experience gained in the entire game.
 F = Experience gained in this place divided by the number of levels of this place that you have seen.
                   A       B       C       D       E      F
               +-------+-------+-------+-------+-------+----------------------
         Total | 100.0 | 100.0 |   N/A |   N/A | 100.0 |  31.0
       Dungeon | 100.0 | 100.0 |   N/A |   N/A | 100.0 |  31.0
               +-------+-------+-------+-------+-------+----------------------

Table legend: (Time is in decaauts)
 A = Elapsed time spent in this place.
 B = Non-inter-level travel time spent in this place.
 C = Inter-level travel time spent in this place.
 D = Time resting spent in this place.
 E = Time spent auto-exploring this place.
 F = Levels seen in this place.
 G = Mean time per level.
                   A        B        C        D        E       F      G
               +--------+--------+--------+--------+--------+-----+--------+
         Total |   1945 |   1843 |    102 |     44 |   1509 |   3 |  648.3 |
       Dungeon |   1945 |   1843 |    102 |     44 |   1509 |   3 |  648.3 |
               +--------+--------+--------+--------+--------+-----+--------+

Top non-repeatable levels by time:
     D:1: 955 daAuts
     D:2: 880 daAuts
     D:3: 109 daAuts
